[Event "Early-Titled-Tuesday-Blitz-April-16-2024"]
[Site "Chess.com"]
[Date "2024.04.16"]
[Round "3"]
[White "ragnaroek66"]
[Black "GelmanAlexander"]
[Result "1-0"]
[WhiteElo "2521"]
[BlackElo "2673"]
[TimeControl "180+1"]
[EndTime "8:28:34 PDT"]
[Termination "ragnaroek66 won on time"]

1. d4 Nf6 2. c4 c5 3. d5 b5 4.
cxb5 a6 5. bxa6 e6 6. Nc3 exd5 7. Nxd5 Nxa6 8. e4 Nxd5 9. Qxd5 Nc7 10. Qd1 Bb7 11. Bd3 d5 12. exd5 Qxd5 13. Nf3 O-O-O 14. Be2 Qe4 15. Qb3 c4 16. Qe3 Bb4+ 17. Bd2 Rxd2 18.
Nxd2 Qxg2 19. O-O-O Re8 20. Qb6 Nd5 21. Qd4 c3 22. bxc3 Ba3+ 23. Kc2 Rxe2 24. Qc4+ Kb8 25. Qxe2 Qg6+ 26. Qd3 Qc6 27. Qc4 Qg6+ 28. Kb3 1-0

[Event "Early-Titled-Tuesday-Blitz-April-16-2024"]
[Site "Chess.com"]
[Date "2024.04.16"]
[Round "3"]
[White "Manukyan_Artak"]
[Black "Navyblue1"]
[Result "1-0"]
[WhiteElo "2505"]
[BlackElo "2273"]
[TimeControl "180+1"]
[EndTime "8:28:34 PDT"]
[Termination "Manukyan_Artak won on time"]

1. e4 c5 2. Nf3 d6 3. Bb5+ Nd7 4. O-O Nf6 5. Re1 e5 6. a4 Be7 7. Nc3 O-O 8. d3 a6 9. Bc4 h6 10. Nh4 Nxe4 11. dxe4 Bxh4 12. Qxd6 Be7 13. Qg6 Nb6 14. Bxh6 Bf6 15. Ba2 c4 16. Qg3 Be6 17. Rad1 Qe7 18. Be3 Nd7 19. Nd5 Bxd5 20. exd5 Rfc8 21. c3 Qd6 22.
Bb1 b5 23. axb5 axb5 24. Qh3 g6 25. Qh6 Bg7 26. Qg5 Rab8 27. h4 Rf8 28. h5 Qf6 29. hxg6 Qxg5 30. gxf7+ Rxf7 31. Bxg5 Re8 32. Bg6 Rff8 33.
Bxe8 Rxe8 34. d6 e4 35. f3 Kf7 36. Rxe4 Rxe4 37. fxe4 Be5 38. Kf2 Ke6 39. Kf3 Bxd6 40.
Bf4 Be5 41. Rd5 Bxf4 42. Kxf4 1-0

[Event "Early-Titled-Tuesday-Blitz-April-16-2024"]
[Site "Chess.com"]
[Date "2024.04.16"]
[Round "3"]
[White "SaqoChess_Twitch"]
[Black "baki83"]
[Result "0-1"]
[WhiteElo "2652"]
[BlackElo "2926"]
[TimeControl "180+1"]
[EndTime "8:28:35 PDT"]
[Termination "baki83 won by resignation"]

1. d4 d5 2. c4 e6 3. Nc3 Nf6 4. Nf3 dxc4 5. e4 Bb4 6. e5 Nd5 7. Bd2 Bxc3 8. bxc3 b5 9. Be2 Bb7 10. O-O a6 11. a4 Nd7 12. Qb1 Bc6 13. Ng5 Nxc3 14.
Qe1 Nxe2+ 15. Qxe2 h6 16. Nh3 Nb6 17. Qg4 g5 18.
Bb4 Nxa4 19. f4 Qxd4+ 20. Kh1 O-O-O 21. Be7 Rd7 22. Bf6 Rg8 23. Rad1 Qe4 24. Rde1 Qc2 25.
fxg5 Rd2 26. Rg1 h5 27. Qg3 Nc3 28. Nf4 Ne4 29. Rxe4 Qxe4 30. h4 Kb7 31. Kh2 c3 32.
Re1 Qc4 33. Re3 c2 34. Rc3 c1=Q 35. Rxc4 Qxc4 36. g6 fxg6 37. Bg5 Rc2 38. Be7 Qe4 39. Bc5 Rxg2+ 40. Nxg2 Qxg2+ 41. Qxg2 Bxg2 0-1

[Event "Early-Titled-Tuesday-Blitz-April-16-2024"]
[Site "Chess.com"]
[Date "2024.04.16"]
[Round "3"]
[White "Viktoker"]
[Black "ArmanGhevondyanchess"]
[Result "1/2-1/2"]
[WhiteElo "2453"]
[BlackElo "2614"]
[TimeControl "180+1"]
[EndTime "8:28:36 PDT"]
[Termination "Game drawn by repetition"]

1. d4 Nf6 2. c4 g6 3. Nf3 d5 4.
Nc3 Bg7 5. cxd5 Nxd5 6. e4 Nxc3 7. bxc3 O-O 8. Be3 c5 9. Rc1 Qa5 10. Qd2 cxd4 11. cxd4 Qxd2+ 12. Kxd2 Rd8 13. Bb5 a6 14. Ba4 Nc6 15. Bxc6 bxc6 16. Ke2 Be6 17. Rxc6 Bxa2 18. Ra1 Bb3 19. Rc5 Be6 20. Rca5 Bc4+ 21. Ke1 Bb5 22. e5 e6 23. Ng5 Bf8 24. Rb1 Be7 25. Ne4 Bd3 26. Rb7 Bxe4 27. Rxe7 Bxg2 28. Rc5 Rdc8 29.
Rxc8+ Rxc8 30. Ra7 Ra8 31. Rxa8+ Bxa8 32. Bh6 a5 33.
Kd2 a4 34. Kc3 Bd5 35. Kb4 Bb3 36. Ka3 f5 37. exf6 Kf7 38. Bg5 h6 39. Bxh6 Kxf6 40. f3 Kf5 41. Be3 Kf6 42. Bf4 Ke7 43. Kb4 Kd7 44. Be5 Kc6 45. Bg7 Kd5 46. Bf6 Bd1 47. Be5 Kc6 48. Bf6 Kd7 49. Be5 Ke8 50. Bf6 Kf7 51. Be5 Ke7 52. Bg7 Kf7 53. Be5 Kg8 54. Bf6 Kh7 55. Bg5 Kg8 56. Bf6 Kf7 57. Be5 1/2-1/2

[Event "Early-Titled-Tuesday-Blitz-April-16-2024"]
[Site "Chess.com"]
[Date "2024.04.16"]
[Round "3"]
[White "DonkyDonkyDonkey"]
[Black "Revan_2002"]
[Result "0-1"]
[WhiteElo "2951"]
[BlackElo "2715"]
[TimeControl "180+1"]
[EndTime "8:28:37 PDT"]
[Termination "Revan_2002 won by resignation"]

1. e4 e5 2. Nf3 Nc6 3. Nc3 Nf6 4. h3 a6 5. d4 exd4 6. Nxd4 Bc5 7. Be3 Bxd4 8. Bxd4 O-O 9. Be3 Re8 10. Bd3 d6 11. O-O h6 12. f4 b5 13. Qf3 Bb7 14. a3 b4 15. axb4 Nxb4 16. Rae1 c5 17. f5 Kh8 18.
Bf4 Qb6 19. Kh1 Rac8 20. b3 Nxd3 21. Qxd3 Qc6 22. Qxd6 Nxe4 23. Qxc6 Bxc6 24. Nxe4 Bxe4 25. f6 g5 26. Bd6 Bxc2 27. Rc1 Bxb3 28. Bxc5 Re2 29.
Kg1 Kh7 30. Bf2 Rxc1 31. Rxc1 Kg6 32. Rc6 a5 33. Ra6 a4 34. Bc5 Bd5 35. g4 Rg2+ 36.
Kf1 Rc2 37. Be7 Bc4+ 0-1

[Event "Early-Titled-Tuesday-Blitz-April-16-2024"]
[Site "Chess.com"]
[Date "2024.04.16"]
[Round "3"]
[White "RedFirePanda"]
[Black "Boundless_Strike"]
[Result "0-1"]
[WhiteElo "2491"]
[BlackElo "2655"]
[TimeControl "180+1"]
[EndTime "8:28:37 PDT"]
[Termination "Boundless_Strike won by resignation"]

1. d4 e5 2. dxe5 d6 3. Nf3 Bg4 4. Bf4 Nc6 5. exd6 Qf6 6. Qc1 Bxd6 7. Bxd6 Qxd6 8. Nbd2 O-O-O 9. e3 Nf6 10. Be2 h5 11. c3 g5 12. Qc2 Bxf3 13. Bxf3 Ne5 14.
Be2 Neg4 15. O-O-O Kb8 16. Ne4 Qe5 17. Nxf6 Qxf6 18.
Bf3 Ne5 19. Qe4 Nxf3 20. Qxf3 Qe6 21. b3 f5 22. Kb2 a6 23. Qe2 Qe4 24. Qf3 Qe5 25.
Qg3 Qb5 26. Qf3 g4 27. Qf4 Qe2+ 28. Ka3 Rxd1 29. Rxd1 Qxd1 30. Qxf5 Qd6+ 31. Kb2 Rf8 32. Qxh5 Rxf2+ 0-1

[Event "Early-Titled-Tuesday-Blitz-April-16-2024"]
[Site "Chess.com"]
[Date "2024.04.16"]
[Round "3"]
[White "Titus369"]
[Black "DominguezOnYoutube"]
[Result "0-1"]
[WhiteElo "2655"]
[BlackElo "2943"]
[TimeControl "180+1"]
[EndTime "8:28:40 PDT"]
[Termination "DominguezOnYoutube won by resignation"]

1. e4 c5 2. Nf3 d6 3. d4 cxd4 4. Nxd4 Nf6 5. Nc3 a6 6. h3 e6 7.
g4 h6 8. Bg2 Be7 9. O-O g5 10.
a4 Nbd7 11. a5 Ne5 12. b3 h5 13. Bxg5 hxg4 14. h4 Nh7 15. f4 gxf3 16. Nxf3 Nxg5 17.
Nxe5 dxe5 18. Qxd8+ Kxd8 19. Rfd1+ Bd7 20. hxg5 Bc5+ 21.
Kf1 Bd4 22. Na4 Bxa1 23. Nb6 Bd4 24. Nxa8 Ke7 25. Nb6 Bb5+ 26. c4 Bc6 27. Rd3 Rh4 28.
Nc8+ Kf8 29. Nd6 Bc5 30. g6 Rf4+ 31. Ke2 fxg6 32. Nc8 Rf2+ 33. Ke1 Rxg2 34. Rf3+ Kg7 35. Nb6 Bxe4 0-1

[Event "Early-Titled-Tuesday-Blitz-April-16-2024"]
[Site "Chess.com"]
[Date "2024.04.16"]
[Round "3"]
[White "JonasEilenberg"]
[Black "GreenPeach24"]
[Result "1-0"]
[WhiteElo "2623"]
[BlackElo "2448"]
[TimeControl "180+1"]
[EndTime "8:28:40 PDT"]
[Termination "JonasEilenberg won by resignation"]

1. d4 Nf6 2. c4 e6 3. Nc3 Bb4 4. Qc2 O-O 5. e4 d5 6. e5 Ne4 7. Bd3 c5 8. Nf3 Nc6 9. O-O cxd4 10. Nxe4 dxe4 11. Bxe4 h6 12. Rd1 Qc7 13. Qe2 Bd7 14. Bd3 Ne7 15. a3 Ba4 16. Rf1 Bc5 17. b4 b6 18. bxc5 bxc5 19. h4 Bc6 20. Bf4 Rfb8 21. Rab1 Qa5 22. Qc2 Rb6 23. Bd2 Qa6 24. Rxb6 axb6 25.
Bc1 Ra7 26. h5 Qb7 27. Qe2 Nf5 28. Re1 Ra4 29. Bc2 Ra8 30. Bxf5 exf5 31. e6 fxe6 32.
Qxe6+ Kh8 33. Ne5 Be4 34. f3 Bc2 35. Nf7+ Kh7 36. Qg6+ Kg8 37. Nxh6+ Kh8 38. Nf7+ Kg8 39. h6 Qxf7 40. h7+ Kh8 41. Qxf7 1-0

[Event "Early-Titled-Tuesday-Blitz-April-16-2024"]
[Site "Chess.com"]
[Date "2024.04.16"]
[Round "3"]
[White "Aygehovit1992"]
[Black "PositionalPanther"]
[Result "1-0"]
[WhiteElo "2735"]
[BlackElo "2518"]
[TimeControl "180+1"]
[EndTime "8:28:41 PDT"]
[Termination "Aygehovit1992 won by resignation"]

1. e4 d5 2. exd5 Qxd5 3. Nc3 Qd8 4. d4 Nf6 5. Bc4 g6 6. Bg5 Bg7 7. Nf3 O-O 8. h3 a6 9. a4 Nc6 10. O-O Nb4 11. Re1 Bf5 12. Bb3 h6 13. Bh4 g5 14.
Bg3 e6 15. a5 Bg6 16. Ne5 Bf5 17. Bh2 Nd7 18. g4 Nxe5 19. gxf5 Qxd4 20. fxe6 Qxd1 21. exf7+ Kh7 22. Rexd1 Nf3+ 23. Kg2 Nxh2 24. Kxh2 Nc6 25. Bd5 Ne5 26. Bxb7 Rab8 27. Bxa6 Rxb2 28. Ne4 Rxf7 29. Bd3 Nxd3 30. cxd3 Rbxf2+ 31. Nxf2 Bxa1 32. Rxa1 Rxf2+ 33. Kg1 Rf8 34. a6 Ra8 35. a7 Kg6 36. Kf2 Kf5 37. Kf3 Ke5 38. Kg4 Kd4 39. Ra3 Kc5 40. Kh5 Kb4 41. Ra1 Kc3 42. Rc1+ Kxd3 43. Rxc7 Rh8 44. Rb7 Ra8 45. Kxh6 Kc4 46. Kxg5 Kd5 47. h4 Kc6 48. Rg7 Kd6 49. h5 Ke6 50. h6 Rd8 51. h7 Rd5+ 52. Kf4 Rd4+ 53. Ke3 1-0

[Event "Early-Titled-Tuesday-Blitz-April-16-2024"]
[Site "Chess.com"]
[Date "2024.04.16"]
[Round "3"]
[White "Aragon"]
[Black "Rosh1610"]
[Result "0-1"]
[WhiteElo "2057"]
[BlackElo "2434"]
[TimeControl "180+1"]
[EndTime "8:28:42 PDT"]
[Termination "Rosh1610 won by resignation"]

1. e4 e5 2. Nf3 Nc6 3. Nc3 Nf6 4. Be2 Bb4 5. Nd5 Be7 6. Nxe7 Qxe7 7. d3 O-O 8. c3 d5 9. exd5 Nxd5 10. O-O Bf5 11. Qb3 Nb6 12. Be3 Rad8 13. Rfd1 Be6 14.
Qc2 h6 15. a4 f5 16. b4 Qf6 17. Bc5 Rfe8 18. b5 Ne7 19. a5 Nbd5 20. Bxa7 Nf4 21. Bf1 Bd5 22. Ne1 Neg6 23. c4 Be6 24. a6 b6 25. c5 Bd5 26. cxb6 cxb6 27. g3 Ra8 28. Bxb6 Qxb6 29. Bg2 Nxg2 30. Nxg2 Qxb5 31. Rdb1 Rxa6 32. Rxb5 Rxa1+ 33. Rb1 Rea8 34. Qc1 Rxb1 35. Qxb1 Ne7 36. Ne3 Bc6 37. f4 exf4 38. gxf4 Rd8 39. Nc4 Rd4 40. Qb4 Kf8 41. Ne5 Rxb4 0-1

[Event "Early-Titled-Tuesday-Blitz-April-16-2024"]
[Site "Chess.com"]
[Date "2024.04.16"]
[Round "3"]
[White "diamonds13"]
[Black "XDPS"]
[Result "0-1"]
[WhiteElo "2329"]
[BlackElo "2850"]
[TimeControl "180+1"]
[EndTime "8:28:42 PDT"]
[Termination "XDPS won by resignation"]

1. d4 d5 2. c4 c6 3. cxd5 cxd5 4. Bf4 Nc6 5. e3 Nf6 6. Nc3 e6 7. Bd3 Bd6 8. Bg3 O-O 9. Nge2 e5 10. dxe5 Nxe5 11.
Nd4 Re8 12. Be2 a6 13. O-O b5 14. a3 Bb7 15. Bxe5 Bxe5 16. Bf3 Ne4 17. Bxe4 dxe4 18. Nce2 Qg5 19. g3 Rad8 20. Qe1 h5 21.
h4 Qg4 22. Rd1 Bd5 23. Qa5 Bc4 24. Rd2 Bxd4 25. Nxd4 Bxf1 26. Kxf1 Rc8 27. Kg2 Qg6 28. a4 bxa4 29. Qxa4 Qf6 30. b4 Red8 31. b5 axb5 32. Qxb5 g6 33. Qf1 Rd5 34. Qd1 Rdc5 35. Qb1 Qe5 36. Qb7 R5c7 37. Qb3 Rc1 38. Ra2 Rb8 39.
Qa4 Rbb1 40. Qa8+ Kg7 41. Ne2 Re1 42. Qc6 Qf5 43. Qc3+ Kh7 44. Ra8 Qf3+ 0-1

[Event "Early-Titled-Tuesday-Blitz-April-16-2024"]
[Site "Chess.com"]
[Date "2024.04.16"]
[Round "3"]
[White "lamomiajunior"]
[Black "amintabatabaei"]
[Result "0-1"]
[WhiteElo "2742"]
[BlackElo "3046"]
[TimeControl "180+1"]
[EndTime "8:28:43 PDT"]
[Termination "amintabatabaei won by resignation"]

1. d4 Nf6 2. c4 g6 3. Nc3 Bg7 4. e4 d6 5. h3 Nbd7 6. Be3 e5 7. d5 h5 8. Bd3 Bh6 9. Bxh6 Rxh6 10. Nf3 Kf8 11. Qd2 Kg7 12. a3 a5 13. Bc2 Nc5 14. b3 h4 15. Rb1 Nh5 16. b4 Na6 17. Ne2 Qf6 18. Qe3 Bd7 19. g3 hxg3 20. fxg3 Rhh8 21. Kd2 axb4 22. axb4 Qe7 23. g4 Nf6 24. Ng3 c6 25.
Qg5 Ng8 26. Qe3 c5 27. bxc5 Nxc5 28. Rbg1 Ra2 29. Kc1 Qd8 30. Nxe5 Qa5 31. Nxd7 Nxd7 32. Rf1 Ne5 33. Ne2 Nf6 34. g5 Nfd7 35. Qc3 Rc8 36. Qxa5 Rxa5 37. h4 Rxc4 38. Kd2 Ra2 39. Rc1 Nc5 40. Ng3 Nb3+ 0-1

[Event "Early-Titled-Tuesday-Blitz-April-16-2024"]
[Site "Chess.com"]
[Date "2024.04.16"]
[Round "3"]
[White "nikitakhoroshev"]
[Black "knightinshiningarmour16"]
[Result "0-1"]
[WhiteElo "2550"]
[BlackElo "2321"]
[TimeControl "180+1"]
[EndTime "8:28:44 PDT"]
[Termination "knightinshiningarmour16 won by checkmate"]

1. e4 c6 2. Nc3 d5 3. Nf3 Bg4 4. h3 Bh5 5. g4 Bg6 6. exd5 cxd5 7. Ne5 Nc6 8. d4 a6 9. h4 Nxe5 10. dxe5 d4 11. Ne2 Qa5+ 12. Bd2 Qxe5 13. Bg2 Be4 14. Bf4 Qd5 15. Bxe4 Qxe4 16. O-O e5 17. f3 Qd5 18. c4 Qc5 19. Qa4+ b5 20. cxb5 d3+ 21. Kg2 Qxb5 22.
Qxb5+ axb5 23. Bxe5 dxe2 24. Rfe1 f6 25. Bc3 Kf7 26.
Rxe2 Bc5 27. Rd1 Ne7 28. b4 Bb6 29. Rd7 Rhe8 30. f4 Kf8 31. Rb7 Nd5 32. Rc2 Ne3+ 33. Kf3 Nxc2 34. Rxb6 Rxa2 35. Rc6 Ne1+ 36. Kg3 Rg2+ 37. Kh3 Rge2 38. h5 R2e3+ 39. Kh4 Ng2# 0-1

[Event "Early-Titled-Tuesday-Blitz-April-16-2024"]
[Site "Chess.com"]
[Date "2024.04.16"]
[Round "3"]
[White "ploxoi"]
[Black "Sasha_Solovev_777"]
[Result "1-0"]
[WhiteElo "2417"]
[BlackElo "2194"]
[TimeControl "180+1"]
[EndTime "8:28:44 PDT"]
[Termination "ploxoi won by resignation"]

1. d4 Nf6 2. c4 g6 3. g3 Bg7 4. Bg2 O-O 5. Nc3 d6 6. Nf3 Nbd7 7.
O-O c6 8. h3 Qc7 9. e4 e5 10.
Be3 Re8 11. Qc2 exd4 12. Nxd4 Nc5 13. Rfe1 a5 14. Rad1 Bd7 15. b3 Rad8 16. Kh2 Bc8 17. Bf4 Nfd7 18. Bg5 f6 19. Bf4 Ne5 20. Be3 h5 21. f4 Nf7 22. Nf3 Re7 23. Bd4 Rde8 24. Rd2 Ne6 25. Bf2 Nc5 26. Rde2 Qd7 27. Nh4 Kh7 28. e5 f5 29. Bxc5 dxc5 30. Rd2 Qe6 31. Red1 Rd7 32. Na4 Rxd2 33. Rxd2 Rd8 34. Nxc5 Qe7 35.
Rxd8 Nxd8 36. Nd3 Ne6 37. Nf3 Qd7 38. Bf1 b6 39. Qf2 c5 40. Nde1 Bb7 41. Qd2 Nd4 42. Nxd4 cxd4 43. Bg2 Bxg2 44. Kxg2 Bf8 45. Nd3 Bc5 46. Qf2 a4 47. b4 Be7 48. Qf3 b5 49. Qd5 Qxd5+ 50. cxd5 Bd8 51. d6 1-0

[Event "Early-Titled-Tuesday-Blitz-April-16-2024"]
[Site "Chess.com"]
[Date "2024.04.16"]
[Round "3"]
[White "ChessSwole"]
[Black "pirulillo"]
[Result "0-1"]
[WhiteElo "2687"]
[BlackElo "2341"]
[TimeControl "180+1"]
[EndTime "8:28:45 PDT"]
[Termination "pirulillo won by checkmate"]

1. e4 c5 2. Nf3 e6 3. d4 cxd4 4. Nxd4 Nf6 5. Nc3 Nc6 6. Ndb5 d6 7. Bf4 e5 8. Bg5 a6 9. Na3 b5 10. Nd5 Be7 11. Bxf6 Bxf6 12. c3 Bg5 13. Nc2 O-O 14. a4 bxa4 15. Rxa4 a5 16. h4 Bh6 17. Bc4 Rb8 18. Ra2 g6 19. Qf3 Kg7 20. Nce3 f5 21. h5 Bxe3 22. Qxe3 f4 23. Qd2 g5 24. h6+ Kh8 25.
f3 g4 26. Kd1 Qg5 27. Kc1 Rd8 28.
g3 gxf3 29. gxf4 exf4 30. Nxf4 Ne5 31. Bd5 Rf8 32. Nh5 Qg2 33. Ra1 f2 34. Kc2 Ba6 35. c4 Bxc4 36. Bxc4 Qxe4+ 37. Bd3 Nxd3 38. Qxd3 Rfc8+ 39. Kd2 Rxb2+ 40. Kd1 Qxd3# 0-1

[Event "Early-Titled-Tuesday-Blitz-April-16-2024"]
[Site "Chess.com"]
[Date "2024.04.16"]
[Round "3"]
[White "guillembaches"]
[Black "MomchilPetkov"]
[Result "0-1"]
[WhiteElo "2539"]
[BlackElo "2932"]
[TimeControl "180+1"]
[EndTime "8:28:46 PDT"]
[Termination "MomchilPetkov won on time"]

1. d4 Nf6 2. Nf3 d5 3. Bg5 Ne4 4. Bf4 c5 5. dxc5 Nc6 6. Nbd2 Nxc5 7. e3 f6 8. Be2 e5 9. Bg3 Be6 10. O-O Be7 11. Nb3 Ne4 12. Nfd2 Nxg3 13. hxg3 O-O 14. c4 d4 15. exd4 Nxd4 16. Nxd4 Qxd4 17. Qc2 Rac8 18. Rad1 b5 19. Ne4 Qb6 20. b3 f5 21.
Nc3 bxc4 22. Nd5 Bxd5 23. Rxd5 cxb3 24. Qxb3 Qxb3 25. axb3 e4 26. Bc4 Kh8 27. Ra1 Rc7 28.
Raa5 g6 29. Re5 Kg7 30. g4 fxg4 31. Rxe4 Bc5 32. Rxg4 Bxf2+ 33. Kh2 Bb6 34. Rd5 Re7 35. Bd3 Bc7+ 36. g3 Rf2+ 37. Kh3 Bb6 38. Re4 Rxe4 39.
Bxe4 Rf7 40. Rd3 Rc7 41. Bd5 h5 42. g4 Kh6 43. gxh5 Kxh5 44. Bc4 Kg5 45. Kg2 Re7 46.
Rd6 Kh5 47. Be2+ Rxe2+ 0-1

[Event "Early-Titled-Tuesday-Blitz-April-16-2024"]
[Site "Chess.com"]
[Date "2024.04.16"]
[Round "3"]
[White "RantomOpening"]
[Black "littlepinkyboy"]
[Result "1-0"]
[WhiteElo "2529"]
[BlackElo "2682"]
[TimeControl "180+1"]
[EndTime "8:28:47 PDT"]
[Termination "RantomOpening won by resignation"]

1. d4 d5 2. c4 c6 3. Nc3 Nf6 4. cxd5 cxd5 5. Bf4 e6 6. e3 Bd6 7. Bxd6 Qxd6 8. Nf3 O-O 9. Ne5 Nc6 10. f4 a6 11.
Bd3 b5 12. O-O Bb7 13. Rf3 Ne7 14. Rh3 h6 15. g4 Ne4 16. Bxe4 dxe4 17. g5 Nf5 18.
gxh6 gxh6 19. Kh1 Kh7 20. Qh5 Qc7 21. Ng4 Rh8 22. Nxh6 Ng7 23. Qxf7 Qxf7 24. Nxf7+ Kg8 25. Nxh8 b4 26. Ne2 Rc8 27. Rc1 Rxc1+ 28. Nxc1 Nf5 29. Ng6 Bd5 30. Ne5 a5 31. Rg3+ Kf8 32. a3 b3 33.
Kg1 a4 34. Kf2 Nxg3 35. hxg3 Ke7 36. Ne2 Kf6 37. Nc3 Bb7 38. g4 Ba6 39. Nxa4 Bd3 40. Nc5 1-0

[Event "Early-Titled-Tuesday-Blitz-April-16-2024"]
[Site "Chess.com"]
[Date "2024.04.16"]
[Round "3"]
[White "Karttunen"]
[Black "OparinGrigoriy"]
[Result "0-1"]
[WhiteElo "2699"]
[BlackElo "2978"]
[TimeControl "180+1"]
[EndTime "8:28:49 PDT"]
[Termination "OparinGrigoriy won by resignation"]

1. e4 c6 2. d4 d5 3. e5 c5 4. dxc5 e6 5. c3 Bxc5 6. Qg4 Ne7 7. b4 Bb6 8. Qxg7 Rg8 9. Qxh7 a5 10.
Nf3 axb4 11. cxb4 Nbc6 12. Bg5 Rf8 13. Bh6 Rg8 14. b5 Nd4 15. Ng5 Bc5 16. Nd2 Qa5 17. Nxf7 Ndf5 18. Nd6+ Nxd6 19. exd6 Bxd6 20. Bd3 Rxg2 21. Kf1 Rg8 22. Rg1 Rxg1+ 23. Kxg1 Qc3 24. Nb3 Ra4 25. h3 Rh4 26. Rc1 Qf6 27. Rxc8+ Nxc8 28. Bg6+ Kd8 29. Qg8+ Kc7 30. Be3 d4 31. Bd2 b6 32.
Na5 Ne7 0-1

[Event "Early-Titled-Tuesday-Blitz-April-16-2024"]
[Site "Chess.com"]
[Date "2024.04.16"]
[Round "3"]
[White "Zohid6"]
[Black "Nimrod_Veinberg"]
[Result "0-1"]
[WhiteElo "2946"]
[BlackElo "2704"]
[TimeControl "180+1"]
[EndTime "8:28:49 PDT"]
[Termination "Nimrod_Veinberg won by checkmate"]

1. e4 c5 2. Nf3 e6 3. d4 cxd4 4. Nxd4 a6 5. Nc3 b5 6. Bd3 Bb7 7. O-O Nc6 8. Nxc6 Bxc6 9. Re1 Ne7 10. Qf3 Ng6 11. Qg3 d6 12. a4 b4 13. Nd5 a5 14. Be3 Rb8 15. f4 Ne7 16. Nxe7 Bxe7 17. Qxg7 Bf6 18. Qh6 Bxb2 19. Rad1 Bc3 20. Rf1 Qf6 21.
Qh3 Qg7 22. f5 Kd7 23. Bc4 Rbe8 24. Bf4 Be5 25. Qe3 Ra8 26. fxe6+ fxe6 27. Bxe5 Qxe5 28. Rf7+ Ke8 29. Rdf1 Qxe4 30. Qg5 Qd4+ 31. Kh1 Ra7 32. Bxe6 Rxf7 33. Bxf7+ Kd7 34. Qf5+ Kc7 35. Qxa5+ Qb6 36. Qg5 Rd8 37. a5 Qc5 38. Qd2 Rf8 39. a6 Qd5 40.
Qe3 Qxg2# 0-1

[Event "Early-Titled-Tuesday-Blitz-April-16-2024"]
[Site "Chess.com"]
[Date "2024.04.16"]
[Round "3"]
[White "GMG"]
[Black "SpeedofLight0"]
[Result "1-0"]
[WhiteElo "2810"]
[BlackElo "3075"]
[TimeControl "180+1"]
[EndTime "8:28:50 PDT"]
[Termination "GMG won by resignation"]

1. Nf3 d6 2. d4 g6 3. e4 Bg7 4. Bc4 a6 5. O-O b5 6. Bb3 Bb7 7. Qe2 Nd7 8. a4 c6 9. e5 dxe5 10. dxe5 e6 11. Bf4 Ne7 12. Nbd2 Nc5 13. Ne4 Nxe4 14.
Qxe4 O-O 15. Be3 Qc7 16. Bc5 Rfd8 17. a5 Nf5 18. Bb6 Qe7 19. Bxd8 Rxd8 20. Rad1 Rd5 21. Bxd5 cxd5 22. Qd3 Qc7 23. Qc3 Qd8 24. Rfe1 g5 25.
b4 h5 26. Nd4 Ne7 27. Re3 Ng6 28. Rde1 Qb8 29. Nf3 g4 30. Nd2 Ne7 31. Nb3 Nf5 32. R3e2 d4 33. Nxd4 Nh4 34. f4 Qa7 35. Qe3 Bf8 36. c3 Qa8 37. Qg3 Ng6 38. f5 exf5 39. Nxf5 Bd5 40. Nd4 Bh6 41. e6 Bf4 42. Qf2 Qb8 43.
g3 Bd6 44. Qxf7+ 1-0

[Event "Early-Titled-Tuesday-Blitz-April-16-2024"]
[Site "Chess.com"]
[Date "2024.04.16"]
[Round "3"]
[White "alexrustemov"]
[Black "kuba2006"]
[Result "1/2-1/2"]
[WhiteElo "2844"]
[BlackElo "2537"]
[TimeControl "180+1"]
[EndTime "8:28:50 PDT"]
[Termination "Game drawn by agreement"]

1. d4 Nf6 2. c4 e6 3. Nf3 a6 4. Nc3 d5 5. cxd5 exd5 6. Bg5 Be6 7. e3 Nbd7 8. Bd3 Bd6 9. Qc2 c6 10. Bf4 Qe7 11. Bxd6 Qxd6 12. h3 O-O 13. O-O c5 14. dxc5 Nxc5 15. Rfd1 Rac8 16. Rac1 Qb6 17. Nd4 Nfe4 18.
Qb1 Nxd3 19. Rxd3 Rc7 20. Nxe6 Nxc3 21. Rdxc3 Rxc3 22. Rxc3 fxe6 23. Qc2 e5 24. Rc7 h6 25. Rd7 d4 26. exd4 exd4 27. Qc4+ Kh8 28. Qxd4 Qg6 29. Rxb7 Re8 30. Rd7 Re1+ 31. Kh2 Re2 32. a4 a5 33. h4 Re4 34. Rd8+ Kh7 35. Qd3 Rxh4+ 36. Kg1 Qxd3 37. Rxd3 Rxa4 38. g3 Rb4 39. b3 a4 40.
bxa4 Rxa4 41. Kg2 1/2-1/2

[Event "Early-Titled-Tuesday-Blitz-April-16-2024"]
[Site "Chess.com"]
[Date "2024.04.16"]
[Round "3"]
[White "Pedrada88"]
[Black "Khromkin"]
[Result "1/2-1/2"]
[WhiteElo "2578"]
[BlackElo "2360"]
[TimeControl "180+1"]
[EndTime "8:28:50 PDT"]
[Termination "Game drawn by repetition"]

1. Nf3 c5 2. g3 Nc6 3. Bg2 g6 4. c3 Bg7 5. d4 cxd4 6. cxd4 d6 7. Nc3 h5 8. Bg5 Nh6 9. Rc1 O-O 10. e4 Bg4 11. Qd2 Bxf3 12. Bxf3 Nxd4 13. Bg2 Ng4 14. Nd5 Ne5 15. Rc3 Re8 16. O-O Rc8 17. Rfc1 Rxc3 18.
Rxc3 Nec6 19. h4 Ne6 20. Rb3 Nxg5 21. hxg5 b6 22. a4 Qd7 23. Kh2 Ne5 24. a5 b5 25. a6 Qc6 26. f3 e6 27. Nf6+ Bxf6 28.
gxf6 Nd7 29. Rd3 Nxf6 30. Rxd6 Qc5 31. b4 Qc7 32. Qd4 Nd5 33. Qc5 Qxc5 34. bxc5 Nb4 35. Bf1 Rc8 36. Bxb5 Rxc5 37. Rd8+ Kg7 38. Be8 Rc7 39.
Bb5 Rc5 40. Be8 Rc7 41. Bb5 Rc5 1/2-1/2

[Event "Early-Titled-Tuesday-Blitz-April-16-2024"]
[Site "Chess.com"]
[Date "2024.04.16"]
[Round "3"]
[White "mariangie523"]
[Black "Massakru"]
[Result "0-1"]
[WhiteElo "2152"]
[BlackElo "2371"]
[TimeControl "180+1"]
[EndTime "8:28:50 PDT"]
[Termination "Massakru won by resignation"]

1. e4 e5 2. Nf3 Nc6 3. Bc4 Nf6 4.
d3 h6 5. c3 d6 6. Nbd2 Be7 7.
Bb3 g5 8. Qe2 g4 9. Nh4 Nxe4 10.
Nxe4 Bxh4 11. Be3 f5 12. g3 Be7 13. Nd2 Na5 14. Bc2 Be6 15. O-O-O Qd7 16. Nb3 Qa4 17. Nxa5 Qxa5 18. Bb3 Bxb3 19. axb3 O-O-O 20. Kc2 a6 21. Ra1 Qb5 22. Qd2 h5 23. Ra4 h4 24. Rha1 hxg3 25.
fxg3 Rdf8 26. Rb4 Qc6 27. Rc4 Qf3 28. Re1 d5 29. Ra4 Rh3 30. Re2 Rfh8 31. d4 e4 32. Bf4 Qxe2 33. Qxe2 Rxh2 34. Kd2 Kd7 35. c4 c6 36. cxd5 cxd5 37. Rb4 Bxb4+ 38. Ke3 Rxe2+ 39.
Kxe2 Rh2+ 40. Ke3 Rxb2 0-1

[Event "Early-Titled-Tuesday-Blitz-April-16-2024"]
[Site "Chess.com"]
[Date "2024.04.16"]
[Round "3"]
[White "Juicy_Fork"]
[Black "IsmaelAmadorGarcia"]
[Result "0-1"]
[WhiteElo "2512"]
[BlackElo "2336"]
[TimeControl "180+1"]
[EndTime "8:28:52 PDT"]
[Termination "IsmaelAmadorGarcia won by checkmate"]

1. e4 e5 2. Nf3 Nc6 3. Bb5 a6 4. Ba4 Nf6 5. O-O Be7 6. Re1 b5 7. Bb3 O-O 8. a4 Bb7 9. c3 d5 10. exd5 Nxd5 11. d3 Na5 12. Bc2 b4 13. Nxe5 bxc3 14.
bxc3 Bf6 15. d4 Re8 16. Bxh7+ Kxh7 17. Qh5+ Kg8 18. Qxf7+ Kh8 19. Bh6 Bxe5 20. Rxe5 gxh6 21. Nd2 Rxe5 22. dxe5 Qf8 23. Qd7 Rd8 24. Qg4 Qg7 25. Qh4 Rg8 26. g3 Qg5 27. Qd4 Rd8 28. Ne4 Qf5 29.
e6+ Kh7 30. c4 Nb3 31. Qb2 Qxe4 32. Qxb3 Nc3 33. f3 Qxf3 34. Qc2+ Be4 35. e7 Re8 36. Qd2 Ne2+ 37. Qxe2 Qxe2 38. Ra2 Qe1# 0-1

[Event "Early-Titled-Tuesday-Blitz-April-16-2024"]
[Site "Chess.com"]
[Date "2024.04.16"]
[Round "3"]
[White "jbking07"]
[Black "karinachess1"]
[Result "0-1"]
[WhiteElo "2427"]
[BlackElo "2610"]
[TimeControl "180+1"]
[EndTime "8:28:53 PDT"]
[Termination "karinachess1 won on time"]

1. e4 e5 2. Nf3 Nc6 3. d4 exd4 4. Nxd4 Bc5 5. Nb3 Bb6 6. Nc3 Nf6 7. Qe2 O-O 8. Be3 Re8 9. f3 d5 10. O-O-O d4 11.
Na4 Be6 12. g4 Nb4 13. Kb1 Qd7 14. Nxb6 axb6 15. Rxd4 Qe7 16. a3 c5 17. Rd1 Nc6 18. Bc1 Red8 19. g5 Ne8 20. Rxd8 Rxd8 21. h4 c4 22. Nd2 Nd4 23. Qe3 b5 24. Bh3 Nc7 25. Bxe6 Ncxe6 26. f4 Nc5 27. Re1 Na4 28. Nf3 Nxf3 29.
Qxf3 b4 30. Rd1 Rxd1 31. Qxd1 bxa3 32. bxa3 Nc3+ 0-1